Map: Cyber Forest LE

Players

Darksidezoom - Winner!

  • Race: Protoss Protoss
  • League: Diamond
  • Spawn Location: 11:00

KittyPuppy

  • Race: Zerg Zerg
  • League: Gold
  • Spawn Location: 5:00

VOD

Have the link to the VOD?

Description

Time

  • Played on: March 9, 2019, 3:55 p.m.
  • Length: 8:52
Show
View Real Time Build Order
Export as new Build Order

Darksidezoom Protoss - Winner!

Build Orders: 1 Gate Expand, Dark Templar Rush 

Get SALT Encoding   

  12  0:01  Probe  
  13  0:13  Probe  
  14  0:22  Pylon  
  14  0:28  Probe  
  15  0:40  Probe  
  16  0:48  Probe  
  16  0:51  Gateway  
  16  0:53  Assimilator  
  17  1:00  Pylon  
  17  1:02  Probe  
  17  1:11  Probe  
  18  1:19  Probe  
  19  1:37  Nexus  
  19  1:40  Probe  
  20  1:56  Cybernetics Core  
  20  2:04  Assimilator  
  20  2:15  Probe  
  21  2:23  Probe  
  21  2:25  Pylon  
  22  2:32  Warp Gate, Adept  
  24  2:46  Twilight Council  
  24  2:47  Probe  
  25  2:51  Probe  
  25  2:54  Pylon, Adept  
  26  2:59  Probe  
  29  3:06  Probe  
  29  3:11  Pylon, Probe  
  31  3:18  Probe  
  32  3:21  Robotics Facility  
  32  3:23  Probe  
  33  3:30  Probe  
  34  3:38  Gateway  
  34  3:43  Gateway  
  34  3:48  Probe  
  34  3:50  Dark Shrine, Probe  
  36  3:58  Probe x2  
  38  4:06  Probe x2  
  38  4:10  Pylon  
  38  4:12  Warp Prism  
  38  4:15  Probe  
  38  4:17  Probe  
  42  4:23  Charge  
  44  4:27  Probe  
  44  4:29  Probe  
  44  4:30  Assimilator  
  46  4:35  Assimilator  
  46  4:39  Probe  
  46  4:41  Probe  
  48  5:01  Probe  
  48  5:02  Probe  
  50  5:07  Dark Templar x2  
  50  5:12  Dark Templar  
  56  5:19  Pylon  
  56  5:21  Pylon  
  32  5:41  Dark Templar x2  
  13  5:57  Zealot  
  13  6:01  Probe  
  16  6:10  Probe  
  17  6:19  Probe  
  18  6:28  Probe  
  19  6:40  Probe  
  20  6:52  Probe  
  21  7:08  Dark Templar  
  23  7:27  Zealot x2  
  25  7:58  Probe  
  26  8:06  Probe  
  26  8:12  Zealot x3  
  33  8:16  Probe  
  34  8:28  Probe  
Show
View Real Time Build Order
Export as new Build Order

KittyPuppy Zerg 

Build Orders: Hatch First 

Get SALT Encoding   

  12  0:01  Drone  
  13  0:12  Overlord  
  13  0:17  Drone  
  14  0:32  Drone x2  
  14  0:34  Drone  
  17  1:11  Hatchery, Drone  
  17  1:12  Extractor, Drone x2  
  18  1:21  Spawning Pool  
  17  1:30  Drone  
  18  1:49  Drone x2  
  20  2:08  Queen  
  20  2:13  Metabolic Boost  
  22  2:19  Overlord  
  22  2:20  Overlord  
  22  2:30  Evolution Chamber  
  22  2:32  Zergling x4  
  22  2:33  Zergling x2  
  22  2:36  Queen  
  26  2:39  Overlord  
  26  2:52  Zergling x4  
  28  3:09  Zergling x8  
  32  3:20  Zerg Melee Weapons Level 1  
  32  3:22  Zergling x4  
  32  3:27  Overlord  
  34  3:28  Zergling x4  
  34  3:30  Zergling x2  
  37  3:45  Zergling x6  
  40  3:54  Overlord  
  40  3:56  Zergling x6  
  40  4:01  Zergling x2  
  40  4:02  Zergling x2  
  45  4:04  Zergling x2  
  46  4:17  Overlord  
  46  4:18  Zergling x4  
  46  4:23  Zergling x2  
  46  4:24  Zergling x4  
  50  4:26  Zergling x2  
  50  4:30  Zergling x2  
  53  4:45  Zergling x8  
  54  4:46  Zergling x2  
  58  4:56  Zergling x8  
  62  5:04  Zergling x2  
  62  5:05  Zergling x4  
  62  5:06  Zergling x2  
  57  5:45  Spore Crawler  
  57  5:48  Spore Crawler, Zergling x2  
  57  5:49  Zergling x14  
  37  6:13  Zergling x2  
  37  6:14  Zergling x6  
  35  6:24  Drone x5  
  38  6:37  Lair  
  38  6:39  Hatchery  
  33  7:13  Zergling x2  
  33  7:14  Zergling x10  
  28  8:20  Overseer  
Tags
 
Add a new tag
Caveats
  • Supply blocks, unpowered buildings, or Contaminate may cause inaccurate times.
  • Supply counts are checked every 10 seconds.